 Dungeon Crawl Stone Soup version 0.19.0-19-g8c6edcc (webtiles) character file.

105 lorenzova the Ducker (level 4, -9/45 HPs)
             Began as a Troll Monk on Nov 12, 2016.
             Hit by a tomahawk thrown by an orc warrior (20 damage)
             ... on level 3 of the Dungeon.
             The game lasted 00:02:16 (1518 turns).

lorenzova the Ducker (Troll Monk)                   Turns: 1518, Time: 00:02:17

Health: -9/45      AC:  5    Str: 20    XL:     4   Next: 54%
Magic:  3/3        EV: 11    Int:  6    God:
Gold:   106        SH:  0    Dex: 12    Spells: 0 memorised, 3 levels left

rFire  + . .     SeeInvis .       - Unarmed
rCold  x . .     Gourm    +     a - +0 robe
rNeg   . . .     Faith    .     (no shield)
rPois  .         Spirit   .     (helmet restricted)
rElec  .         Reflect  .     (no cloak)
rCorr  .         Harm     .     (gloves unavailable)
MR     .....                    (boots unavailable)
Stlth  ++........               (no amulet)
                                (no ring)
                                i - ring of fire

@: no status effects
A: unfitting armour, claws 3, fast metabolism 3, gourmand, regeneration 1,
shaggy fur 1, tough skin 2
a: no special abilities


You were on level 3 of the Dungeon.
You were not hungry.

You visited 1 branch of the dungeon, and saw 3 of its levels.

You collected 106 gold pieces.

Inventory:

Armour
 a - a +0 robe (worn)
Jewellery
 i - a ring of fire (left claw)
Scrolls
 c - 2 scrolls of identify {unknown}
 d - 2 scrolls of remove curse {unknown}
 h - a scroll of random uselessness {unknown}
 k - a scroll of blinking {unknown}
Potions
 e - 2 potions of agility {unknown}
 f - a potion of lignification {unknown}
 g - a potion of flight {unknown}
 m - a potion of cancellation {unknown}
Comestibles
 b - 3 bread rations
 j - 2 beef jerkies
 l - a meat ration


   Skills:
 * Level 3.3 Fighting
 * Level 3.5 Dodging
 - Level 1.0 Stealth
 + Level 3.4 Unarmed Combat


You had 3 spell levels left.
You didn't know any spells.

Dungeon Overview and Level Annotations

Branches:
Dungeon (3/15)

Altars:
Makhleb


Innate Abilities, Weirdness & Mutations

You are too large for most types of armour.
You have claws for hands.
Your metabolism is lightning-fast.
You like to eat raw meat.
Your natural rate of healing is unusually fast.
You are covered in fur. (AC +1)
You have very tough skin. (AC +2)


Message History

The orc wizard blinks!
The frilled lizard moves out of view.
Things that are here:
a tomahawk; a flail You barely miss the orc wizard.
The orc wizard hits you but does no damage.
You barely miss the orc wizard.
The orc wizard hits you but does no damage.
The orc warrior hits you with a long sword!
You closely miss the orc wizard. The orc wizard hits you with a dagger.
The orc warrior hits you with a long sword!
The orc warrior hits you with a long sword!
* * * LOW HITPOINT WARNING * * *
The frilled lizard bites you but does no damage.
The orc wizard gestures wildly while chanting.
The orc wizard blinks!
The orc warrior throws a tomahawk.
The tomahawk hits you but does no damage.
You see here a tomahawk.
The frilled lizard barely misses you.
The orc warrior throws a tomahawk.
The tomahawk hits you!!
You die...

################
#..............#
#######.#####..#####.#
##.##...........#####.#
#..ol.#..##........##.#
##.##.(..##.##..##.##.#
###(###@.....##..##.##.#
#..o..(##...............
#.#.##.##.#####.##..####
#.#.##.##.......##....##
# #..#.###########......
##.#.# #.....# #.##.##
.#<# #.....# #......
...# #.....# #.##.## ###
#.....###.##.##


You could see an orc warrior, an orc and a frilled lizard.

Vanquished Creatures
  A crimson imp (D:3)
  Terence (D:2)
  2 adders (D:2)
  A worm (D:2)
  An orc (D:3)
  6 goblins
  4 hobgoblins
  4 kobolds
  A quokka (D:2)
  A ball python (D:2)
  4 bats
  A frilled lizard (D:2)
  2 rats
29 creatures vanquished.

Notes
Turn   | Place    | Note
-------+----------+-------------------------------------------
     0 | D:1      | lorenzova the Troll Monk began the quest for the Orb.
     0 | D:1      | Reached XP level 1. HP: 22/22 MP: 0/0
   735 | D:1      | Reached XP level 2. HP: 29/29 MP: 1/1
   759 | D:2      | Noticed Terence
   762 | D:2      | Killed Terence
   762 | D:2      | Reached XP level 3. HP: 36/36 MP: 2/2
  1032 | D:2      | Found a burning altar of Makhleb.
  1119 | D:2      | Reached XP level 4. HP: 43/45 MP: 3/3
  1504 | D:3      | Noticed an orc warrior
  1518 | D:3      | Hit by a tomahawk thrown by an orc warrior

Skill      XL: |  1  2  3 |
---------------+----------+-----
Dodging        | 3 |  3.5
Fighting       | 3 |  3.3
Stealth        | |  1.0
Unarmed Combat | |  3.4

Action                   |  1- 3 |  4- 6 || total
-------------------------+-------+-------++-------
Melee: Unarmed           |    62 |    14 ||    76
 Stab: Sleeping          |     2 |       ||     2
  Eat: Chunk             |     7 |     4 ||    11
Armor: Robe              |    26 |     4 ||    30
Dodge: Dodged            |    46 |    13 ||    59
